 Dungeon Crawl Stone Soup version 0.24.0-13-gcf9b319 (webtiles) character file.

Game seed: 10568494406475542073, levelgen mode: deterministic

136 Bronimir the Stinger (level 5, 0/42 HPs)
             Began as a Naga Venom Mage on Mar 24, 2020.
             Slain by a gnoll
             ... wielding a +0 whip
              (12 damage)
             ... on level 3 of the Dungeon.
             The game lasted 00:07:49 (2943 turns).

Bronimir the Stinger (Naga Venom Mage)              Turns: 2943, Time: 00:07:50

Health: 0/42       AC:  3    Str: 11    XL:     5   Next: 19%
Magic:  6/9        EV:  9    Int: 21    God:
Gold:   89         SH:  0    Dex: 11    Spells: 0/10 levels left

rFire    . . .     SeeInvis +   a - +1 whip (venom)
rCold    . . .     Gourm    .   (no shield)
rNeg     . . .     Faith    .   u - +0 leather armour
rPois    +         Spirit   .   (no helmet)
rElec    .         Reflect  .   (no cloak)
rCorr    .         Harm     .   (no gloves)
MR       .....                  (no barding)
Stlth    +.........             (no amulet)
HPRegen  0.14/turn              (no ring)
MPRegen  0.11/turn              (no ring)

@: confused, brilliant, very slightly contaminated, very slow
A: large, see invisible, deformed body, poison resistance, slowness 2, slow
metabolism 1, spit poison 1, AC +1
a: Spit Poison


You were on level 3 of the Dungeon.
You were hungry.

You visited 1 branch of the dungeon, and saw 3 of its levels.

You collected 89 gold pieces.

Inventory:

Hand Weapons
 a - a +1 whip of venom (weapon)
 b - a +0 hunting sling
 d - a +0 dagger
 n - a +0 hand axe
Missiles
 i - 64 stones
 l - 43 bolts
 m - 4 silver javelins (quivered)
Armour
 k - a +0 ring mail
 s - a +0 robe
 u - a +0 leather armour (worn)
Jewellery
 r - an uncursed ring of magical power {unknown}
Scrolls
 e - 2 scrolls of magic mapping {unknown}
 o - 2 scrolls of identify {unknown}
Potions
 g - a potion of haste {unknown}
 h - a potion of cancellation {unknown}
 j - a potion of ambrosia
 p - a potion of resistance {unknown}
 q - a potion of curing {unknown}
Comestibles
 c - 5 rations
 t - 2 chunks of flesh


   Skills:
 + Level 0.1 Fighting
 + Level 0.4 Short Blades
 + Level 1.8 Dodging
 - Level 3.5 Stealth
 + Level 3.0 Spellcasting
 * Level 1.7 Conjurations
 - Level 0.5 Air Magic
 * Level 5.7 Poison Magic


You couldn't memorise any spells.
You knew the following spells:

 Your Spells              Type           Power        Failure   Level  Hunger
a - Sting                 Conj/Pois      ####         1%          1    None
b - Poisonous Vapours     Pois/Air       ####..       1%          2    ##.....
c - Mephitic Cloud        Conj/Pois/Air  ####....     2%          3    ###....
d - Olgreb's Toxic Radia  Pois           #####...     2%          4    ####...

Your spell library contained the following spells:

 Spells                   Type           Power        Failure   Level  Hunger
 Animate Skeleton         Necr           N/A          2%          1    None
 Apportation              Tloc           ###...       2%          1    None
 Confusing Touch          Hex            ###...       2%          1    None
 Summon Small Mammal      Summ           ###.         2%          1    None
 Venom Bolt               Conj/Pois      ####......   12%         5    ######.


Dungeon Overview and Level Annotations

Branches:
Dungeon (3/15)

Altars:
Ashenzari
Nemelex Xobeh
Wu Jian
The Shining One


Innate Abilities, Weirdness & Mutations

You cannot wear boots.
Your serpentine skin is tough. (AC +1)
You have supernaturally acute eyesight. (SInv)
Armour fits poorly on your strangely shaped body.
Your system is resistant to poisons. (rPois)
You cover ground very slowly.
You have a slow metabolism.
You can spit poison.


Message History

Confirm with . or Enter, or press ? or * to list all spells.
Aiming: Sting (safe; 5% risk of failure)
Press: ? - help, Shift-Dir - straight line, f/p - gnoll
Aim: a gnoll, wielding a +0 flail (moderately wounded, poisoned)
The sting hits the gnoll but does no damage.
The gnoll is moderately wounded.
The gnoll hits you with a +0 whip.
* * * LOW HITPOINT WARNING * * *
Casting: Sting (safe; 5% risk of failure)
Confirm with . or Enter, or press ? or * to list all spells.
You don't have enough magic to cast that spell.
Unknown command.
It was a potion of ambrosia.
You are confused.
You feel invigorated. The gnoll hits you with a +0 whip.
* * * LOW HITPOINT WARNING * * *
It was a potion of brilliance.
You feel clever all of a sudden. The gnoll hits you with a +0 whip!
You die...

##........######.#
##.##.##.#
#.......#
####'#### ##...##
##.....## #
##....)..## ..#
#.........###.....
+.........@gg..$..
#......(..##......
##.......## .....
##.....## .$..
##...## ..# ##+##
##


You could see 2 gnolls.

Vanquished Creatures
  6 gnolls (D:3)
  3 adders
  A dart slug (D:2)
  A leopard gecko (D:1)
  An orc (D:3)
  A giant cockroach (D:2)
  4 goblins
  8 hobgoblins
  3 quokkas (D:3)
  7 bats
  5 frilled lizards
  8 kobolds
  6 rats
54 creatures vanquished.

Notes
Turn   | Place    | Note
-------+----------+-------------------------------------------
     0 | D:1      | Bronimir the Naga Venom Mage began the quest for the Orb.
     0 | D:1      | Reached XP level 1. HP: 15/15 MP: 3/3
   434 | D:1      | Reached XP level 2. HP: 22/22 MP: 3/5
   651 | D:1      | Learned a level 2 spell: Poisonous Vapours
  1222 | D:2      | Found a sparkling altar of Nemelex Xobeh.
  1361 | D:2      | Reached XP level 3. HP: 28/28 MP: 4/6
  1653 | D:2      | Found a shattered altar of Ashenzari.
  1720 | D:2      | Found a glowing golden altar of the Shining One.
  1726 | D:2      | Reached skill level 5 in Poison Magic
  2098 | D:3      | Reached XP level 4. HP: 27/36 MP: 1/7
  2420 | D:3      | Found an ornate altar of the Wu Jian Council.
  2876 | D:3      | Reached XP level 5. HP: 42/42 MP: 5/9
  2904 | D:3      | Learned a level 3 spell: Mephitic Cloud
  2909 | D:3      | Learned a level 4 spell: Olgreb's Toxic Radiance
  2943 | D:3      | Slain by a gnoll

Levels and vault maps discovered:
D:1:      minmay_arrival_plants_in_alcoves, layout_basic, serial_glass,
          glass_columns_b, glass_columns_a, minmay_strange_pillars,
          due_unseen_surprise
D:2:      layout_loops_ring, tso_altar, overflow_temple_1_default,
          nicolae_overflow_crystal_walls, first_ration
D:3:      layout_loops_corners, lemuel_doored_altar

Skill      XL: |  1  2  3  4 |
---------------+-------------+-----
Poison Magic   | 5 |  5.7
Spellcasting   | 3 |  3.0
Fighting       | |  0.1
Short Blades   | |  0.4
Dodging        | |  1.8
Stealth        | |  3.5
Conjurations   | |  1.7
Air Magic      | |  0.5

Action                   |  1- 3 |  4- 6 || total
-------------------------+-------+-------++-------
Melee: Dagger            |    22 |     8 ||    30
       Whip              |       |     9 ||     9
Throw: Javelin           |       |     2 ||     2
 Cast: Sting             |    21 |    14 ||    35
       Poisonous Vapours |    10 |     8 ||    18
       Mephitic Cloud    |       |     1 ||     1
 Abil: Spit Poison       |    19 |     6 ||    25
  Use: Potion            |       |     2 ||     2
 Stab: Sleeping          |     2 |     1 ||     3
  Eat: Chunk             |     4 |     3 ||     7
Armor: Robe              |     3 |       ||     3
Dodge: Dodged            |    23 |    10 ||    33
